 Dungeon Crawl Stone Soup version 0.32-a0-913-g739538afd8 (webtiles) character file.

Game seed: 1822544894847976774

20699 Biggs the Marksgoblin (level 12, -2/96 HPs)
             Began as a Coglin Hunter on Apr 7, 2024.
             Was the Champion of Okawaru.
             Slain by a skyshark (18 damage)
             ... on level 4 of the Lair of Beasts.
             The game lasted 00:32:20 (11740 turns).

Biggs the Marksgoblin (Coglin Hunter)              Turns: 11740, Time: 00:32:21

Health: -2/96      AC: 17    Str: 11    XL:     12   Next: 82%
Magic:  3/3        EV: 15    Int: 11    God:    Okawaru [******]
Gold:   455        SH:  0    Dex: 25    Spells: 11/11 levels left

rFire   . . .        H - +1 hand cannon "Ceewkohe" {speed, rN++ Dex+4}
rCold   . . .        a - +5 sling {Fatehjeet}
rNeg    + + +        C - +5 ring mail "Laestrecs" {rPois rN++ Regen+ MP-9}
rPois   +            o - +0 helmet
rElec   .            (no cloak)
rCorr   .            i - +2 pair of gloves
SInv    .            y - +2 pair of boots
Will    .....        (amulet unavailable)
Stlth   ++           (ring unavailable)
HPRegen 1.16/turn    (ring unavailable)
MPRegen 0.08/turn    (no gizmo)

%: no passive effects
@: revved
A: off-hand wielding, slow wielding, warmup strikes, no jewellery
a: Invent Gizmo, Renounce Religion, Heroism, Finesse, Duel


You were on level 4 of the Lair of Beasts.
You worshipped Okawaru.
Okawaru was exalted by your worship.
You visited 2 branches of the dungeon, and saw 13 of its levels.

You collected 716 gold pieces.
You spent 261 gold pieces at shops.

Inventory:

Hand Weapons
 a - a +5 sling (offhand) {Fatehjeet}
 d - a +0 sling {Paramjit}
 H - the +1 hand cannon "Ceewkohe" (weapon) {speed, rN++ Dex+4}
   (Okawaru gifted it to you on level 3 of the Lair of Beasts)

   Dex+4:     It affects your dexterity (+4).
   rN++:      It greatly protects you from negative energy.
Armour
 i - a +2 pair of gloves (worn)
 o - a +0 helmet (worn)
 x - a +1 leather armour of fire resistance
 y - a +2 pair of boots (worn)
 C - the +5 ring mail "Laestrecs" (worn) {rPois rN++ Regen+ MP-9}
   (Okawaru gifted it to you on level 3 of the Lair of Beasts)

   rPois:     It protects you from poison.
   rN++:      It greatly protects you from negative energy.
   MP-9:      It affects your magic capacity (-9).
   Regen+:    It increases your rate of health regeneration.
 D - +1 steam dragon scales
Wands
 j - a wand of polymorph (5)
 m - a wand of charming (13)
 t - a wand of light (1)
 w - a wand of warping (17)
 F - a wand of mindburst (15)
 G - a wand of flame (21)
Scrolls
 b - a scroll of butterflies
 c - a scroll of torment
 e - 2 scrolls of amnesia
 g - a scroll of enchant weapon
 h - a scroll of immolation
 l - a scroll of fog
 p - 4 scrolls of vulnerability
 q - a scroll of enchant armour
 u - a scroll of silence {unknown}
 B - 2 scrolls of identify
 E - a scroll of brand weapon {unknown}
Potions
 f - 3 potions of might {unknown}
 k - 2 potions of curing {unknown}
 n - 3 potions of attraction {unknown}
 r - a potion of enlightenment {unknown}
 s - a potion of invisibility {unknown}
 v - 3 potions of heal wounds {unknown}
 z - a potion of ambrosia {unknown}
 A - 2 potions of cancellation {unknown}


   Skills:
 - Level 9.5 Fighting
 + Level 15.0 Ranged Weapons
 - Level 7.6 Dodging
 - Level 0.7 Stealth
 - Level 8.0 Evocations


You had 11 spell levels left.
You didn't know any spells.
Your spell library contained the following spells:

 Spells                   Type           Power      Damage    Failure   Level
 Blink                    Tloc           0%         N/A       78%         2
 Lesser Beckoning         Tloc           0%         N/A       78%         2
 Momentum Strike          Conj/Tloc      0%         3d8       78%         2
 Static Discharge         Conj/Air       0%         3-3/arc   78%         2
 Dazzling Flash           Conj/Hex       0%         N/A       95%         3
 Inner Flame              Hex/Fire       0%         N/A       95%         3
 Mephitic Cloud           Conj/Alch/Air  0%         N/A       95%         3
 Airstrike                Air            0%         2d(0-16)  100%        4
 Brom's Barrelling Bould  Conj/Erth      0%         2d3       100%        4
 Dimensional Bullseye     Hex/Tloc       0%         N/A       100%        4
 Flame Wave               Conj/Fire      0%         2d4       100%        4
 Iskenderun's Mystic Bla Conj/Tloc 0%             2d3        (+2d1     100%        4
 Sticky Flame             Fire/Alch      0%         2d4       100%        4
 Alistair's Intoxication  Alch           0%         N/A       100%        5
 Borgnjor's Vile Clutch   Necr/Erth      0%         N/A       100%        5
 Curse of Agony           Necr           0%         N/A       100%        5
 Fireball                 Conj/Fire      0%         3d3       100%        5
 Iskenderun's Battlesphe  Conj           0%         2d6       100%        5
 Silence                  Hex/Air        0%         N/A       100%        5
 Bombard                  Conj/Erth      0%         9d1       100%        6
 Conjure Ball Lightning   Conj/Air       0%         3x3d6     100%        6
 Eringya's Noxious Bog    Alch           0%         4d6       100%        6
 Orb of Destruction       Conj           0%         9d5       100%        7
 Tukima's Dance           Hex            Unusable   N/A       N/A         3
 Animate Dead             Necr           Unusable   N/A       N/A         4
 Summon Lightning Spire   Summ/Air       Unusable   N/A       N/A         4
 Haunt                    Necr/Summ      Unusable   N/A       N/A         7
 Spellforged Servitor     Conj/Summ      Unusable   N/A       N/A         7
 Infestation              Necr           Unusable   N/A       N/A         8

Dungeon Overview and Level Annotations

Branches:
Dungeon (9/15)             Temple (0/1) D:6            Lair (4/5) D:9
 Shoals (0/4) Lair:2       Spider (0/4) Lair:3          Orc (0/2) D:9
  Slime: Lair:4-5

Altars:
Gozag
Hepliaklqana
Makhleb
Okawaru
Qazlal
Sif Muna
Uskayaw
Wu Jian
Xom
Zin
The Shining One

Shops:
D:5 *   D:6 *

Annotations:
D:5 1 runed translucent door, Crazy Yiuf
D:9 Harold
Lair:4 2 transporters, Hoaki's ghost, journeyman HONe


Innate Abilities, Weirdness & Mutations

You can wield a second weapon in your off-hand.
It takes a long time for you to wield or remove held weapons.
Your first few attacks do less damage.
You cannot equip rings or amulets.


Message History

The skyshark is heavily wounded.
The skyshark closely misses you.
The skyshark tail-slaps you but does no damage.
The skyshark tail-slaps you! The yak gores you.
A komodo dragon comes into view.
The torpor snail briefly extends its eye-stalks.
The skyshark bites you!
* * * LOW HITPOINT WARNING * * *
The skyshark closely misses you.
The skyshark tail-slaps you but does no damage.
The yak gores you.
* * * LOW HITPOINT WARNING * * *
Okay, then.
Okay, then.
Fire: H) +1 hand cannon "Ceewkohe" {speed, rN++ Dex+4}
Press: ? - help, Q - select action, (/) - cycle Shift-Dir - straight line, f/p - skyshark
Aim: a skyshark (heavily wounded, berserk, 79% to hit)
You shoot a slug. The slug hits the skyshark!!
The skyshark is severely wounded.
You shoot a sling bullet.
The sling bullet hits the skyshark but does no damage.
The skyshark is severely wounded.
You feel yourself speed up.
The skyshark bites you but does no damage.
The skyshark tail-slaps you!
* * * LOW HITPOINT WARNING * * *
The skyshark barely misses you. The yak completely misses you.
The skyshark bites you but does no damage.
The skyshark tail-slaps you but does no damage. x2
Unknown command.
Unknown command.
Fire: H) +1 hand cannon "Ceewkohe" {speed, rN++ Dex+4}
Press: ? - help, Q - select action, (/) - cycle Shift-Dir - straight line, f/p - skyshark
Aim: a skyshark (magical condensation, severely wounded, berserk, 79% to hit)
You shoot a slug. The slug hits the skyshark.
The skyshark is severely wounded.
You shoot a sling bullet. The sling bullet hits the skyshark.
The skyshark is severely wounded.
The skyshark bites you!!
You die...

#.# ##. ####.# #..
#..#.## #.. ###....#
#.. #...##.## ##. ##..
###.##..## ... #...
#..##..## l. ##...
###.##..☼#Y####. #....
#.#.###°@YY.....
##.... #...##..F......
#..... ###.###....../.
##..... #...##^......
##......
##...##########.......
#P.####.#....######..
##...................
##..................<
#P...P##.#..#.#..#.##


You could see a death yak, a skyshark (berserk), an elephant, a komodo dragon
and a yak.

Vanquished Creatures
  A hydra (Lair:3)
  2 two-headed ogres (D:9)
  A skyshark (Lair:3)
  Amaemon (Lair:3)
  A meliai (Lair:3)
  2 black mambas
  4 elephants (Lair:4)
  Joseph (D:8)
  An orange demon (Lair:3)
  Maggie (D:8)
  3 cane toads
  4 komodo dragons
  3 rime drakes (Lair:4)
  A kobold demonologist (D:9)
  A troll (D:9)
  4 blink frogs (Lair:2)
  A hornet (D:8)
  7 dream sheep (Lair:3)
  A wyvern (D:8)
  A basilisk (Lair:3)
  18 yaks
  Menkaure (D:7)
  21 water moccasins
  3 black bears
  2 sky beasts
  An ice beast (D:6)
  2 wolves (Lair:2)
  An ogre (D:5)
  2 centaurs
  7 kobold brigands
  9 bullfrogs
  3 scorpions
  17 wights
  8 killer bees
  A howler monkey (D:5)
  A bombardier beetle (D:7)
  4 jellies
  2 hounds
  5 orc priests
  2 sleepcaps
  A gnoll bouda (D:5)
  An iguana (D:5)
  5 orc wizards
  7 gnolls
  7 adders
  2 shadow imps
  A white imp (D:5)
  3 dart slugs
  20 orcs
  6 endoplasms
  3 giant cockroaches
  3 goblins
  3 hobgoblins
  19 kobolds
  A quokka (D:4)
  3 ball pythons
  5 bats
  A frilled lizard (D:2)
  A rat (D:1)
243 creatures vanquished.

Notes
Turn   | Place    | Note
-------+----------+-------------------------------------------
     0 | D:1      | Biggs the Coglin Hunter began the quest for the Orb.
     0 | D:1      | Reached XP level 1. HP: 16/16 MP: 1/1
   140 | D:1      | You fall into a shaft and drop 1 floor!
   154 | D:2      | Reached skill level 4 in Ranged Weapons
   154 | D:2      | Reached XP level 2. HP: 22/22 MP: 2/2
   165 | D:2      | Found a faded altar of an unknown god.
   337 | D:2      | Reached XP level 3. HP: 16/27 MP: 3/3
   616 | D:2      | Found a hazy altar of Hepliaklqana.
   650 | D:2      | Reached skill level 5 in Ranged Weapons
   979 | D:3      | Reached XP level 4. HP: 33/33 MP: 4/4
  1337 | D:3      | Reached XP level 5. HP: 36/38 MP: 5/5
  1606 | D:3      | Found a hide-covered altar of Uskayaw.
  1664 | D:3      | Found a glowing golden altar of the Shining One.
  1708 | D:3      | Found an opulent altar of Gozag.
  1823 | D:4      | Found a stormy altar of Qazlal.
  1940 | D:4      | Found an iron altar of Okawaru.
  1966 | D:4      | Became a worshipper of Warmaster Okawaru
  2066 | D:4      | Noticed a centaur
  2070 | D:4      | Killed a centaur
  2071 | D:4      | Reached skill level 6 in Ranged Weapons
  2147 | D:4      | Found an ornate altar of the Wu Jian Council.
  2322 | D:5      | Entered Level 5 of the Dungeon
  2335 | D:5      | Reached XP level 6. HP: 44/44 MP: 6/6
  2342 | D:5      | Reached * piety under Okawaru
  2349 | D:5      | Reached skill level 7 in Ranged Weapons
  2443 | D:5      | Noticed a black bear
  2446 | D:5      | Noticed a black bear
  2451 | D:5      | HP: 1/44 [black bear (3)]
  2693 | D:5      | Reached XP level 7. HP: 50/50 MP: 7/7
  2805 | D:5      | Found a glowing silver altar of Zin.
  2895 | D:5      | Found a runed translucent door.
  2896 | D:5      | Noticed Crazy Yiuf
  2933 | D:5      | Found Zoej's General Store.
  2941 | D:5      | Bought a scroll of enchant weapon for 82 gold pieces
  2941 | D:5      | Bought a scroll of fear for 44 gold pieces
  2941 | D:5      | Bought a potion of haste for 110 gold pieces
  3051 | D:5      | Reached skill level 8 in Ranged Weapons
  3081 | D:5      | Reached ** piety under Okawaru
  3549 | D:6      | Found Sogag's Assorted Antiques.
  3561 | D:6      | Bought a scroll labelled LOFIQIAXIO for 25 gold pieces
  3582 | D:6      | Found a staircase to the Ecumenical Temple.
  3606 | D:6      | Reached skill level 9 in Ranged Weapons
  3606 | D:6      | Reached XP level 8. HP: 42/56 MP: 8/8
  3797 | D:6      | Found a shimmering blue altar of Sif Muna.
  3797 | D:6      | Found a burning altar of Makhleb.
  3818 | D:6      | Reached skill level 5 in Fighting
  3897 | D:6      | Reached *** piety under Okawaru
  4480 | D:7      | Reached XP level 9. HP: 68/68 MP: 9/9
  4488 | D:7      | Reached skill level 5 in Dodging
  4493 | D:7      | Identified the +0 spear "Xolaqi" {flame, rPois rC+ Int+2}
  4822 | D:7      | Noticed Menkaure
  4828 | D:7      | Killed Menkaure
  4945 | D:7      | Found a shimmering altar of Xom.
  5014 | D:7      | Reached **** piety under Okawaru
  5498 | D:8      | Noticed Maggie
  5598 | D:8      | Identified the +8 long sword of Geask {holy, rElec rF+
                  | rCorr Str+3 Dex-5}
  5683 | D:8      | Killed Maggie
  5925 | D:8      | Noticed a hornet
  5936 | D:8      | Killed a hornet
  6021 | D:8      | Reached skill level 10 in Ranged Weapons
  6026 | D:8      | Reached XP level 10. HP: 74/74 MP: 10/10
  6156 | D:8      | Noticed Joseph
  6441 | D:8      | Killed Joseph
  6441 | D:8      | Reached ***** piety under Okawaru
  6663 | D:9      | Noticed a two-headed ogre
  6706 | D:9      | Reached skill level 11 in Ranged Weapons
  6948 | D:9      | Reached skill level 12 in Ranged Weapons
  7011 | D:9      | Noticed a two-headed ogre
  7036 | D:9      | Killed a two-headed ogre
  7036 | D:9      | Received a gift from Okawaru
  7225 | D:9      | Found a staircase to the Orcish Mines.
  7233 | D:9      | Reached XP level 11. HP: 76/79 MP: 11/11
  7243 | D:9      | Found a staircase to the Lair.
  7258 | Lair:1   | Entered Level 1 of the Lair of Beasts
  7274 | D:9      | Reached skill level 13 in Ranged Weapons
  7633 | D:9      | Killed a two-headed ogre
  7686 | D:9      | Noticed Harold
  8195 | D:9      | Noticed a sun demon
  8550 | D:8      | Received a gift from Okawaru
  8959 | Lair:2   | Reached skill level 14 in Ranged Weapons
  9195 | Lair:2   | Noticed a skyshark
  9329 | Lair:2   | Found a staircase to the Shoals.
  9650 | Lair:2   | You fall into a shaft and drop 2 floors!
  9969 | Lair:4   | Found a transporter.
  9977 | Lair:4   | Found a transporter.
  9983 | Lair:4   | Noticed a fire crab
  9983 | Lair:4   | Noticed Hoaki's ghost (journeyman HONe)
 10047 | Lair:4   | Received a gift from Okawaru
 10423 | Lair:4   | Reached XP level 12. HP: 95/95 MP: 12/12
 10437 | Lair:3   | Reached skill level 1 in Evocations
 10471 | Lair:3   | Noticed a skyshark
 10729 | Lair:3   | Reached skill level 5 in Evocations
 10750 | Lair:3   | Received a gift from Okawaru
 10775 | Lair:3   | Noticed a seven-headed hydra
 10892 | Lair:3   | Killed a seven-headed hydra
 10892 | Lair:3   | Reached ****** piety under Okawaru
 10981 | Lair:3   | Acquired the +5 ring mail "Laestrecs" {rPois rN++ Regen+
                  | MP-9}
 10981 | Lair:3   | Received a gift from Okawaru
 10993 | Lair:3   | Acquired the +1 hand cannon "Ceewkohe" {speed, rN++ Dex+4}
 10993 | Lair:3   | Received a gift from Okawaru
 11088 | Lair:3   | Noticed Amaemon
 11097 | Lair:3   | Killed Amaemon
 11141 | Lair:3   | Received a gift from Okawaru
 11211 | Lair:3   | Killed a skyshark
 11306 | Lair:3   | Found a hole to the Spider Nest.
 11733 | Lair:4   | Noticed a skyshark
 11735 | Lair:4   | Noticed a death yak
 11736 | Lair:4   | Reached skill level 15 in Ranged Weapons
 11740 | Lair:4   | Slain by a skyshark

Illustrated notes

Levels and vault maps discovered:
D:1:      moated_graveyard_arrival, layout_basic
D:2:      layout_basic, hellmonk_ecumenical_altar_arch_garden, basic_altar
D:3:      layout_basic, nicolae_gozag_cash_rules_everything_around_me,
          nicolae_uskayaw_suspiria, mainiacjoe_overflow_alcove_1, minivault_24,
          minmay_door_square, chequers_arboretum
D:4:      layout_rooms, mainiacjoe_overflow_paths, kennysheep_little_box,
          general_overflow_altar
D:5:      layout_loops_ring, zin_academy, serial_shops, shop,
          nicolae_eternal_life, chequers_serial_rivers_large_a,
          uniq_crazy_yiuf_cottage
D:6:      cheibrodos_helix_gallery, layout_cave_pools,
          gammafunk_temple_overflow_wave, temple_statues, serial_shops,
          nicolae_shop_just_a_little_nook, minmay_stone_trees_small
D:7:      nicolae_cairo_tiling_large_dashed, layout_layer_cave,
          mainiacjoe_overflow_tiny_flanked, hangedman_decor_diamond_cutter,
          uniq_menkaure
D:8:      layout_loops_ring, uniq_joseph, uniq_maggie
D:9:      layout_cave_pods, due_lair_maze_entry_diamond, orc_0_dummy,
          uniq_harold
Lair:1:   beast_lair_carwin_large_2, layout_cave_shapes, pond
Lair:2:   layout_gridlike, shoals_dummy_entry
Lair:3:   layout_misc_corridors, hellmonk_spider_entry_not_the_bees,
          serial_forest, infiniplex_forest_join, infiniplex_forest_straight_2,
          infiniplex_forest_corner_1, infiniplex_forest_clump_diagonal,
          infiniplex_forest_straight_1, infiniplex_forest_side_room,
          infiniplex_forest_pool, infiniplex_forest_clump_small,
          infiniplex_forest_lined_2, infiniplex_forest_lined_3,
          infiniplex_staircase_pool, uniq_amaemon
Lair:4:   minmay_guarded_unrand_snakebite, layout_long_grid,
          gammafunk_ghost_berserking_beasts, nzn_random_ring,
          infiniplex_staircase_pool_2

Skill      XL: |  1  2  3  4  5  6  7  8  9 10 11 12 |
---------------+-------------------------------------+-----
Ranged Weapons | 4 5 6 7 9 10 12 14 15 | 15.0
Fighting       | 5 9 |  9.5
Dodging        | 4 7 |  7.6
Evocations     | 8 |  8.0
Stealth        | |  0.7

Action                     |  1- 3 |  4- 6 |  7- 9 | 10-12 || total
---------------------------+-------+-------+-------+-------++-------
  Melee: Unarmed           |       |       |     9 |       ||     9
   Fire: Sling             |   112 |   222 |   578 |  1172 ||  2084
         Hand cannon       |       |       |       |    92 ||    92
  Throw: Throwing net      |       |       |       |     3 ||     3
 Invoke: Receive Weapon    |       |       |       |     1 ||     1
         Receive Armour    |       |       |       |     1 ||     1
  Evoke: Wand              |       |       |       |     4 ||     4
    Use: Scroll            |       |     2 |    11 |     7 ||    20
         Potion            |       |       |       |     3 ||     3
 Armour: Leather armour    |     6 |    38 |    38 |       ||    82
         Steam dragon scal |       |       |     6 |   193 ||   199
         Ring mail         |       |       |       |    46 ||    46
  Dodge: Dodged            |     5 |    28 |    56 |   277 ||   366

Table legend: (Time is in decaauts)
 A = Elapsed time spent in this place.
 B = Non-inter-level travel time spent in this place.
 C = Inter-level travel time spent in this place.
 D = Time resting spent in this place.
 E = Time spent auto-exploring this place.
 F = Levels seen in this place.
 G = Mean time per level.
                   A        B        C        D        E       F      G
               +--------+--------+--------+--------+--------+-----+--------+
         Total |  11597 |  11110 |    487 |   1810 |   7254 |  13 |  892.1 |
       Dungeon |   8869 |   8500 |    369 |   1433 |   5615 |   9 |  985.4 |
          Lair |   2728 |   2610 |    118 |    376 |   1639 |   4 |  682.0 |
               +--------+--------+--------+--------+--------+-----+--------+

Top non-repeatable levels by time:
     D:8: 1893 daAuts
     D:9: 1569 daAuts
     D:7: 1063 daAuts
     D:5: 1062 daAuts
  Lair:4: 945 daAuts
  Lair:2: 901 daAuts
     D:3: 859 daAuts
  Lair:3: 846 daAuts
     D:2: 810 daAuts
     D:6: 758 daAuts
     D:4: 709 daAuts
     D:1: 142 daAuts
  Lair:1: 34 daAuts
